 Dungeon Crawl Stone Soup version 0.20.0-10-g0535bb4 (webtiles) character file.

5922 anfisbena the Spear-Bearer (level 10, -14/80 HPs)
             Began as a Demonspawn Abyssal Knight on June 5, 2017.
             Was a High Priest of Lugonu.
             Demolished by a two-headed ogre
             ... wielding a +0 giant club
              (23 damage)
             ... on level 8 of the Dungeon.
             The game lasted 00:16:30 (10694 turns).

anfisbena the Spear-Bearer (DsAK)                  Turns: 10694, Time: 00:16:30

Health: -14/80     AC: 14    Str: 14    XL:     10   Next: 53%
Magic:  13/13      EV:  4    Int: 13    God:    Lugonu [*****.]
Gold:   329        SH:  4    Dex: 15    Spells: 9/9 levels left

rFire    . . .     SeeInvis .   a - +2 spear (pierce)
rCold    . . .     Gourm    .   (no shield)
rNeg     . . .     Faith    .   G - +0 plate armour
rPois    .         Spirit   .   (helmet restricted)
rElec    .         Reflect  .   (no cloak)
rCorr    .         Harm     .   w - +0 pair of gloves
MR       +....                  (no boots)
Stlth    ..........             (no amulet)
Regen    0.3/turn               n - ring of protection from magic
MPRegen  0.2/turn               j - +3 ring of protection

@: drained
A: horns 2, large bone plates 1, demonic guardian 1, foul stench 1, rot immunity
a: Depart the Abyss, Bend Space, Banish, Corrupt, Enter the Abyss, Renounce
Religion


You were on level 8 of the Dungeon.
You worshipped Lugonu.
Lugonu was extremely pleased with you.
You were hungry.

You visited 1 branch of the dungeon, and saw 8 of its levels.
You visited the Abyss 1 time.
You also visited: Ossuary.

You collected 329 gold pieces.

Inventory:

Hand Weapons
 a - a +2 spear of piercing (weapon)
 e - a +4 spear
Armour
 w - a +0 pair of gloves (worn)
 G - a +0 plate armour (worn)
Jewellery
 j - a +3 ring of protection (right hand)
 m - an uncursed ring of poison resistance
 n - a ring of protection from magic (left hand)
Wands
 f - a wand of acid (5/15)
 p - a wand of digging (8/24)
 s - a wand of polymorph (4/24)
 x - a wand of random effects (17/48)
Scrolls
 b - 3 scrolls of magic mapping {unknown}
 d - 6 scrolls of recharging
 g - a scroll of blinking
 k - a scroll of remove curse
 q - a scroll of amnesia
 v - 2 scrolls of enchant weapon
 y - 2 scrolls of teleportation
Potions
 h - 3 potions of flight {unknown}
 o - 3 potions of curing
 t - a potion of magic {unknown}
 B - a potion of berserk rage {unknown}
 C - a potion of mutation {unknown}
Comestibles
 c - 4 bread rations
 i - a meat ration
 l - a chunk of flesh
 E - 2 fruits


   Skills:
 - Level 8.0(6.8) Fighting
 - Level 12.0(10.7) Polearms
 + Level 3.0(2.0) Armour
 + Level 2.5(1.5) Dodging
 + Level 4.6(3.5) Invocations


You had 9 spell levels left.
You didn't know any spells.

Dungeon Overview and Level Annotations

Branches:
Dungeon (8/15)             Temple (0/1) D:4            Lair (0/6) D:8

Altars:
Cheibriados
Elyvilon
Fedhas
Hepliaklqana
Makhleb
Okawaru
Qazlal
Trog
Uskayaw
Vehumet
Xom
Zin
The Shining One


Innate Abilities, Weirdness & Mutations

You have a pair of horns on your head.
You are partially covered in large bone plates. (SH +4)
A weak demonic guardian rushes to your aid.
You may emit foul miasma when damaged in melee.
You are immune to rotting.


Message History

Attack whom?
Press: ? - help, Dir - move target cursor, f/p - two-headed ogre
Aim: a two-headed ogre, wielding two giant clubs (severely wounded, sick)
You reach to attack!
You closely miss the two-headed ogre.
The two-headed ogre is severely wounded.
You completely miss the two-headed ogre.
The two-headed ogre is severely wounded.
You hit the two-headed ogre.
The two-headed ogre is severely wounded.
The two-headed ogre hits you with a giant club!
* * * LOW HITPOINT WARNING * * *
The two-headed ogre hits you with a giant club.
* * * LOW HITPOINT WARNING * * *
Your plate armour prevents you from hitting the two-headed ogre.
The two-headed ogre is severely wounded.
You puncture the two-headed ogre!
Your headbutt misses the two-headed ogre.
The two-headed ogre is almost dead.
The two-headed ogre hits you with a giant club!!
You die...

...............#.#....# #..§§§.#
....#..........#.#....###..§...#
....#...###....#.#....##.......#
....#.#.###....#>#....##.#####.#
....#.#..##....#.#....#..#####.##
....#.##.#####.#.#....#.#..).....
....#.##..# #.#.#....#...######.
....#.###.## #.#.#......###≈≈≈≈##
##'##.###..###.#@#.....###≈≈≈≈≈≈#
#.##..........#O#........≈≈.....
##.##..........#Y#.......≈≈......
...##...................≈....≈≈..
...##.........§.#####...≈..≈≈..≈.
...##.........#.+ #....≈≈...)).
..##..........### #.......⌠≈≈[.
..##............# #......≈≈⌠)..
..##............# #.....≈....≈≈


You could see a two-headed ogre and a sky beast.

Vanquished Creatures
  2 dancing weapons (D:8)
  Pikel (D:3)
  A hornet (D:7)
  A hippogriff (D:7)
  Menkaure (D:4)
  2 ice beasts
  2 orc warriors
  4 sky beasts
  3 ogres
  A necrophage (D:7)
  2 elf zombies (Ossuary)
  2 big kobolds
  A gnoll sergeant (D:8)
  3 bullfrogs
  A scorpion (D:4)
  2 wyvern skeletons
  4 killer bees
  11 wights
  A centaur zombie (Ossuary)
  3 crimson imps
  3 human zombies (Ossuary)
  2 jellies
  3 orc priests
  4 hounds
  A centaur skeleton (D:6)
  Ijyb (D:3)
  2 orc wizards
  3 worker ants
  2 hound skeletons
  2 mummies (Ossuary)
  4 gnolls
  A howler monkey skeleton (D:7)
  17 adders
  A shadow imp (D:7)
  2 adder zombies
  3 adder skeletons (D:4)
  8 worms
  2 dart slugs (D:1)
  6 leopard geckos
  24 orcs
  A ball python (D:2)
  4 giant cockroaches
  7 hobgoblins
  4 jackals (D:1)
  5 quokkas
  A ball python skeleton (D:4)
  9 bats
  5 frilled lizards
  8 goblins
  2 goblin zombies (Ossuary)
  5 hobgoblin zombies (Ossuary)
  A jackal skeleton (D:4)
  2 jackal zombies (Ossuary)
  11 kobolds
  7 kobold zombies (Ossuary)
  13 orc zombies (Ossuary)
  10 rats
  A rat zombie (Ossuary)
235 creatures vanquished.

Vanquished Creatures (collateral kills)
  A hungry ghost (D:7)
  A sky beast (D:6)
  A killer bee (D:7)
  2 wights
  A hound (D:8)
  2 orcs (D:8)
  2 kobolds (D:7)
10 creatures vanquished.

Vanquished Creatures (others)
  An orc (D:8)
  A hobgoblin (D:3)
  A bat (D:3)
  A frilled lizard (D:4)
  A fungus (D:3)
5 creatures vanquished.

Grand Total: 250 creatures vanquished

Notes
Turn   | Place    | Note
-------+----------+-------------------------------------------
     0 | Abyss:1  | anfisbena the Demonspawn Abyssal Knight began the quest for the Orb.
     0 | Abyss:1  | Reached XP level 1. HP: 18/18 MP: 2/2
     7 | Abyss:1  | Found a corrupted altar of Lugonu.
    65 | Abyss:1  | Noticed an efreet
    69 | Abyss:1  | Noticed a large abomination
    81 | Abyss:1  | Noticed a large abomination
    82 | Abyss:1  | Noticed a worldbinder
    85 | Abyss:1  | Noticed a merfolk siren
    85 | Abyss:1  | Noticed a manticore
    86 | Abyss:1  | Noticed a manticore
    88 | D:1      | Escaped the Abyss
   133 | D:1      | Reached skill level 2 in Polearms
   178 | D:1      | Reached * piety under Lugonu
   211 | D:1      | Gained mutation: You are immune to rotting. [demonic ancestry]
   211 | D:1      | Reached XP level 2. HP: 16/24 MP: 3/3
   640 | D:1      | Gained mutation: You have a pair of small horns on your head. [demonic ancestry]
   640 | D:1      | Reached XP level 3. HP: 8/29 MP: 4/4
   938 | D:1      | Reached skill level 3 in Polearms
  1502 | D:2      | Reached XP level 4. HP: 35/36 MP: 5/5
  1518 | D:2      | Reached ** piety under Lugonu
  1940 | D:2      | Found a snail-covered altar of Cheibriados.
  1942 | D:2      | Found an iron altar of Okawaru.
  2003 | D:3      | Found a blossoming altar of Fedhas.
  2178 | D:3      | Found a glowing silver altar of Zin.
  2178 | D:3      | Noticed an angel
  2198 | D:3      | Noticed Ijyb
  2212 | D:3      | Killed Ijyb
  2212 | D:3      | Reached skill level 4 in Polearms
  2212 | D:3      | Gained mutation: You may emit foul miasma when damaged in melee. [demonic ancestry]
  2212 | D:3      | Reached XP level 5. HP: 42/42 MP: 6/6
  2665 | D:3      | Found a stormy altar of Qazlal.
  2754 | D:3      | Found a faded altar of an unknown god.
  2967 | D:4      | Noticed Menkaure
  2987 | D:4      | Found a bloodstained altar of Trog.
  2987 | D:4      | Noticed Pikel
  2987 | D:4      | Noticed a slave
  2987 | D:4      | Noticed a slave
  2987 | D:4      | Noticed a slave
  2988 | D:4      | Noticed a slave
  3227 | D:3      | Killed Pikel
  3227 | D:3      | Reached skill level 5 in Fighting
  3227 | D:3      | Reached skill level 6 in Polearms
  3227 | D:3      | Gained mutation: You have a pair of horns on your head. [demonic ancestry]
  3227 | D:3      | Reached XP level 6. HP: 36/51 MP: 7/7
  3227 | D:3      | Reached XP level 7. HP: 39/56 MP: 8/8
  3649 | D:4      | Reached *** piety under Lugonu
  3682 | D:4      | Killed Menkaure
  3861 | D:4      | Found a staircase to the Ecumenical Temple.
  4187 | D:4      | Reached skill level 7 in Polearms
  4405 | D:5      | Entered Level 5 of the Dungeon
  4503 | D:5      | Reached XP level 8. HP: 51/64 MP: 9/9
  4789 | D:5      | Found a burning altar of Makhleb.
  5037 | D:5      | Found a sand-covered staircase.
  5041 | Ossuary  | Entered an ossuary
  5185 | Ossuary  | Reached **** piety under Lugonu
  5512 | Ossuary  | Reached skill level 8 in Polearms
  5901 | D:6      | Found a shimmering altar of Xom.
  6140 | D:6      | Found a white marble altar of Elyvilon.
  6354 | D:6      | Found a glowing golden altar of the Shining One.
  6418 | D:6      | Reached skill level 9 in Polearms
  6418 | D:6      | Gained mutation: A weak demonic guardian rushes to your aid. [demonic ancestry]
  6418 | D:6      | Reached XP level 9. HP: 60/72 MP: 10/10
  7082 | D:7      | Found a hide-covered altar of Uskayaw.
  7083 | D:7      | Noticed a dagger
  7083 | D:7      | Noticed a dagger
  7178 | D:7      | Reached skill level 10 in Polearms
  7434 | D:7      | Reached ***** piety under Lugonu
  8104 | D:8      | Killed a dagger
  8104 | D:8      | Reached skill level 11 in Polearms
  8114 | D:8      | Killed a dagger
  8114 | D:8      | Gained mutation: You are partially covered in large bone plates. (SH +4) [demonic ancestry]
  8114 | D:8      | Reached XP level 10. HP: 32/80 MP: 11/11
  8583 | D:8      | Found a radiant altar of Vehumet.
  9015 | D:8      | Reached skill level 12 in Polearms
  9031 | D:8      | Reached skill level 1 in Dodging
  9035 | D:8      | HP: 4/80 [wight/scimitar of freezing (2)]
 10322 | D:8      | Found a staircase to the Lair.
 10601 | D:8      | Found a hazy altar of Hepliaklqana.
 10670 | D:8      | Noticed a two-headed ogre
 10694 | D:8      | Demolished by a two-headed ogre

Skill      XL: |  1  2  3  4  5  6  7  8  9 10 |
---------------+-------------------------------+-----
Polearms       | 2 3 4 6 7 9 11 12 | 12.0
Fighting       | 4 5 6 7 8 |  8.0
Dodging        | 2 |  2.5
Armour         | 3 |  3.0
Invocations    | 4 |  4.6

Action                   |  1- 3 |  4- 6 |  7- 9 | 10-12 || total
-------------------------+-------+-------+-------+-------++-------
Melee: Spear             |   148 |   179 |   688 |   239 ||  1254
       Headbutt          |    11 |    18 |   123 |    29 ||   181
       Unarmed           |       |    25 |    12 |       ||    37
       Glaive            |       |       |       |    70 ||    70
Invok: Depart the Abyss  |     1 |       |       |       ||     1
       Bend Space        |       |       |     1 |       ||     1
  Use: Potion            |       |     5 |     2 |       ||     7
       Scroll            |       |       |     1 |    11 ||    12
 Stab: Sleeping          |     3 |     2 |     4 |       ||     9
       Distracted        |     1 |       |     1 |     1 ||     3
       Invisible         |       |     1 |       |       ||     1
  Eat: Chunk             |     2 |     5 |    17 |     6 ||    30
       Royal jelly       |       |       |     1 |     1 ||     2
       Fruit             |       |       |       |     1 ||     1
Armor: Leather armour    |    38 |    42 |   182 |    24 ||   286
       Skin              |       |    27 |    19 |       ||    46
       Plate armour      |       |       |       |    67 ||    67
Dodge: Dodged            |    71 |    70 |   189 |    73 ||   403
Block: Other             |       |       |       |    33 ||    33
